 Dungeon Crawl Stone Soup version 0.27-a0-1065-ge809cff456 (webtiles) character file.

Game seed: 8874232636810213683

21 tsouns the Twirler (level 2, -1/23 HPs)
             Began as a Demonspawn Gladiator on Apr 23, 2021.
             Slain by an adder (3 damage)
             ... on level 2 of the Dungeon.
             The game lasted 00:00:51 (813 turns).

tsouns the Twirler (Demonspawn Gladiator)            Turns: 813, Time: 00:00:51

Health: -1/23      AC:  3    Str: 14    XL:     2   Next: 62%
Magic:  2/2        EV: 12    Int: 21    God:
Gold:   52         SH:  0    Dex: 14    Spells: 1/1 levels left

rFire    . . .     SeeInvis .   a - +0 quarterstaff
rCold    . . .     Faith    .   (shield currently unavailable)
rNeg     . . .     Spirit   .   b - +0 leather armour
rPois    .         Reflect  .   (helmet restricted)
rElec    .         Harm     .   (no cloak)
rCorr    .         Rampage  .   (no gloves)
Will     .....                  (no boots)
Stlth    +.........             (no amulet)
HPRegen  0.07/turn              e - +6 ring of intelligence
MPRegen  0.08/turn              g - +6 ring of intelligence

@: no status effects
A: antennae 1
a: no special abilities


You were on level 2 of the Dungeon.
You visited 1 branch of the dungeon, and saw 2 of its levels.

You collected 52 gold pieces.

Inventory:

Hand Weapons
 a - a +0 quarterstaff (weapon)
Armour
 b - a +0 leather armour (worn)
 c - a +0 helmet
Jewellery
 e - a +6 ring of intelligence (left hand)
 g - a +6 ring of intelligence (right hand)
Scrolls
 f - a scroll of fog {unknown}
 h - a scroll of enchant weapon {unknown}


   Skills:
 + Level 2.6 Fighting
 + Level 3.2 Staves
 - Level 1.7 Throwing
 - Level 2.6 Dodging


You had one spell level left.
You didn't know any spells.
Your spell library was empty.

Dungeon Overview and Level Annotations

Branches:
Dungeon (1/15)

Altars:


Innate Abilities, Weirdness & Mutations

You have a pair of small antennae on your head.


Message History

Aim: an adder (40% to hit)
You throw a throwing net. The throwing net hits the adder.
The adder is caught in the net!
The adder struggles against the net.
You barely miss the adder.
The adder struggles against the net. x2
The net rips apart, and the adder comes free!
You closely miss the adder. The adder bites you.
You are poisoned.
The adder poisons you!
You barely miss the adder.
You feel sick. The adder bites you.
You are too injured to fight recklessly!
Throw: 2 throwing nets
Press: ? - help, Q - select action Shift-Dir - straight line, f/p - adder
Aim: an adder (40% to hit)
You throw a throwing net.
The throwing net closely misses the adder.
You feel sick. The adder bites you. The adder closely misses you.
Throw: throwing net
Press: ? - help, Q - select action Shift-Dir - straight line, f/p - adder
Aim: an adder (40% to hit)
You throw a throwing net.
The throwing net closely misses the adder.
The adder barely misses you.
You miss the adder.
You feel sick.
You are no longer poisoned.
The adder bites you but does no damage.
You hit the adder.
The adder is moderately wounded.
The adder closely misses you. x2
You barely miss the adder.
The adder is moderately wounded.
The adder bites you.
You sock the adder!
The adder is severely wounded.
The adder barely misses you. The adder bites you.
* * * LOW HITPOINT WARNING * * *
You closely miss the adder.
The adder is severely wounded.
The adder bites you.
You die...

#..# #.# .
#..####.#####.##.#
#................
#...###.####..#
#... #....).(# #.#
#..###..#
#.####..# .#
#.......# #
#@#####.#
.......S# #.#
#######.# #.# #..
... ### #.# .# .#


You could see an adder.

Vanquished Creatures
  A dart slug (D:1)
  2 endoplasms (D:1)
  A giant cockroach (D:1)
  3 goblins
  3 hobgoblins (D:1)
  2 quokkas (D:1)
  2 ball pythons
  A kobold (D:1)
  A rat (D:1)
16 creatures vanquished.

Notes
Turn   | Place    | Note
-------+----------+-------------------------------------------
     0 | D:1      | tsouns the Demonspawn Gladiator began the quest for the
                  | Orb.
     0 | D:1      | Reached XP level 1. HP: 16/16 MP: 1/1
   304 | D:1      | Reached skill level 3 in Staves
   304 | D:1      | Gained mutation: You have a pair of small antennae on your
                  | head. [demonic ancestry]
   304 | D:1      | Reached XP level 2. HP: 12/23 MP: 2/2
   660 | D:1      | You fall into a shaft and drop 1 floor!
   813 | D:2      | Slain by an adder

Illustrated notes

Levels and vault maps discovered:
D:1:      giann_horns, layout_loops_ring, minmay_surrounded
D:2:      layout_loops_ring

Skill      XL: |  1 |
---------------+----+-----
Staves         | 3 |  3.2
Fighting       | |  2.6
Throwing       | |  1.7
Dodging        | |  2.6

Action                   || total
-------------------------++-------
Melee: Quarterstaff      ||    62
Throw: Throwing net      ||     3
Armor: Leather armour    ||     8
Dodge: Dodged            ||    37

Table legend: (Time is in decaauts)
 A = Elapsed time spent in this place.
 B = Non-inter-level travel time spent in this place.
 C = Inter-level travel time spent in this place.
 D = Time resting spent in this place.
 E = Time spent auto-exploring this place.
 F = Levels seen in this place.
 G = Mean time per level.
                   A        B        C        D        E       F      G
               +--------+--------+--------+--------+--------+-----+--------+
         Total |    820 |    820 |      0 |      0 |    700 |   2 |  410.0 |
       Dungeon |    820 |    820 |      0 |      0 |    700 |   2 |  410.0 |
               +--------+--------+--------+--------+--------+-----+--------+

Top non-repeatable levels by time:
     D:1: 666 daAuts
     D:2: 154 daAuts
